 Dungeon Crawl Stone Soup version 0.30-a0-879-ga8ba668304 (webtiles) character file.

Game seed: 6994727609529113098

631 Mickster the Covered (level 7, 0/40 HPs)
             Began as a Gargoyle Wanderer on Mar 12, 2023.
             Slain by a gnoll
             ... wielding a +1 whip of freezing
             ... led by a gnoll bouda
              (2 damage)
             ... on level 5 of the Dungeon.
             The game lasted 00:53:53 (3862 turns).

Mickster the Covered (Gargoyle Wanderer)            Turns: 3862, Time: 00:53:53

Health: 0/40       AC:  8    Str: 18    XL:     7   Next: 48%
Magic:  0/10       EV: 11    Int: 14    God:
Gold:   153        SH:  0    Dex:  7    Spells: 5/10 levels left

rFire   . . .      SeeInvis +    B - +1 spear of Contention {heavy, rC+ SInv}
rCold   + . .      Faith    .    (no shield)
rNeg    + . .      Spirit   +    A - +0 leather armour
rPois   ∞          Reflect  .    (no helmet)
rElec   +          Rampage  .    (no cloak)
rCorr   .                        (no gloves)
Will    .....                    (no boots)
Stlth   +                        j - amulet of guardian spirit
HPRegen 0.26/turn                v - ring of poison resistance
MPRegen 0.12/turn                (no ring)

@: no status effects
A: sickness immunity, AC +4, negative energy resistance 1, electricity
resistance, torment resistance 1, petrification resistance
a: no special abilities


You were on level 5 of the Dungeon.
You visited 1 branch of the dungeon, and saw 5 of its levels.

You collected 153 gold pieces.

Inventory:

Hand Weapons
 a - a +2 hand axe
 d - a +0 sling
 f - a +1 whip of venom
 g - a +0 spear
 o - a +2 trident of venom
 q - a +4 club
 x - a +0 dagger of draining
 B - the +1 spear of Contention (weapon) {heavy, rC+ SInv}
   (You found it on level 4 of the Dungeon)

   rC:        It protects you from cold.
   SInv:      It lets you see invisible.
Missiles
 e - 61 stones
 s - 8 poisoned darts (quivered)
 u - 5 boomerangs
Armour
 b - a +1 scale mail
 h - a +0 ring mail
 r - a +0 chain mail
 t - a +0 robe
 A - a +0 leather armour (worn)
 C - a +0 plate armour
Magical Staves
 w - a staff of death
Jewellery
 j - an amulet of guardian spirit (around neck)
 v - a ring of poison resistance (left hand)
Wands
 n - a wand of polymorph (4)
Scrolls
 i - 3 scrolls of identify
 m - 3 scrolls of teleportation
 y - a scroll of brand weapon {unknown}
 z - 2 scrolls of blinking {unknown}
 D - a scroll of magic mapping {unknown}
Potions
 k - 2 potions of curing
 l - a potion of invisibility
 p - a potion of flight


   Skills:
 + Level 2.7 Fighting
 + Level 3.3(3.8) Axes
 - Level 2.2(3.3) Maces & Flails
 * Level 1.2(2.4) Polearms
 + Level 1.2 Throwing
 + Level 3.9 Armour
 + Level 1.5 Dodging
 * Level 2.4 Spellcasting
 * Level 0.3 Conjurations
 * Level 1.3 Necromancy
 * Level 1.3 Transmutations
 * Level 0.7 Fire Magic
 * Level 3.1 Poison Magic


You had 5 spell levels left.
You knew the following spells:

 Your Spells              Type           Power      Damage    Failure   Level
a - Sting                 Tmut/Pois      32%        1d4       11%         1
b - Spider Form           Tmut/Pois      8%         N/A       32%         3
c - Foxfire               Conj/Fire      12%        2x1d4     22%         1

Your spell library contained the following spells:

 Spells                   Type           Power      Damage    Failure   Level
 Fireball                 Conj/Fire      1%         3d3       99%         5
 Starburst                Conj/Fire      1%         6d3       100%        6


Dungeon Overview and Level Annotations

Branches:
Dungeon (5/15)
 Temple: D:4-7

Altars:
Makhleb

Annotations:
D:4 3 runed translucent doors, ZoeForever1's ghost, amateur DsRe


Innate Abilities, Weirdness & Mutations

You are immune to sickness and miasma.
Your stone body is resilient. (AC +4)
You are immune to poison.
You resist negative energy. (rN+)
You are resistant to electric shocks. (rElec)
You are resistant to unholy torment.
You are immune to petrification.


Message History

The gnoll closely misses you.
The gnoll hits you with a +1 whip of freezing.
The gnoll bouda closely misses you. The gnoll closely misses you.
The gnoll hits you from afar with a +0 spear.
You hit the gnoll bouda.
The gnoll bouda is almost dead.
The gnoll bouda calls upon its god to heal the gnoll.
The gnoll's wounds heal themselves!
The gnoll misses you. The gnoll barely misses you.
You puncture the gnoll bouda!
You kill the gnoll bouda!
The gnoll hits you from afar with a +0 spear.
The gnoll closely misses you.
The gnoll hits you but does no damage. x2
Your Poison Magic skill increases to level 3!
You hit the gnoll.
The gnoll is lightly wounded.
The gnoll hits you from afar with a +0 spear.
The gnoll hits you but does no damage.
You closely miss the gnoll.
The gnoll is lightly wounded.
Your attacks no longer feel as feeble.
The gnoll barely misses you. The gnoll hits you but does no damage.
The ogre barely misses you.
The gnoll hits you from afar with a +0 spear.
You hit the gnoll.
The gnoll is moderately wounded.
The gnoll closely misses you. The gnoll barely misses you. The ogre misses you.
You barely miss the gnoll.
The gnoll is moderately wounded.
The gnoll closely misses you. The gnoll hits you but does no damage.
The gnoll closely misses you.
The ogre hits you with a +0 giant club!!
Ouch! That really hurt!
* * * LOW HITPOINT WARNING * * *
The gnoll closely misses you.
You puncture the gnoll!
The gnoll is almost dead.
The gnoll is no longer moving quickly.
The gnoll hits you with a +1 whip of freezing.
You die...

##### ### ##...# #.###
#### .....###### ##.g@#
..... #.........#
#..#O#......
##...####.###.##g...gO..
##............###...>...
.....####.#..## .......
###..## #....... .......
......# ###.....#.......
......# #.###.........
......# #.# ##.>.....


You could see an ogre and 2 gnolls.

Vanquished Creatures
  Grinder (D:3)
  2 scorpions (D:5)
  A gnoll bouda (D:5)
  An iguana (D:5)
  Ijyb (D:3)
  Natasha (D:3)
  3 adders
  9 gnolls
  An ufetubus (D:5)
  A worm (D:2)
  2 dart slugs
  6 orcs
  11 ball pythons
  3 bats
  7 endoplasms
  4 giant cockroaches
  9 goblins
  4 hobgoblins
  5 quokkas
  2 frilled lizards
  14 kobolds
  3 rats (D:1)
91 creatures vanquished.

Notes
Turn   | Place    | Note
-------+----------+-------------------------------------------
     0 | D:1      | Mickster the Gargoyle Wanderer began the quest for the Orb.
     0 | D:1      | Mickster set off with the following items: a +2 hand axe, a
                  | +0 scale mail, a potion of heal wounds; and the following
                  | spell memorised: Sting; and the following spells available
                  | to memorise: Spider Form.
     0 | D:1      | Reached XP level 1. HP: 12/12 MP: 2/2
    91 | D:1      | Reached XP level 2. HP: 16/16 MP: 1/3
   504 | D:1      | Reached XP level 3. HP: 20/20 MP: 4/4
  1063 | D:2      | Reached XP level 4. HP: 9/25 MP: 4/6
  1591 | D:3      | Noticed Grinder
  1595 | D:3      | Paralysed by Grinder for 5 turns
  1603 | D:3      | Paralysed by Grinder for 3 turns
  1616 | D:3      | Killed Grinder
  1617 | D:3      | Reached XP level 5. HP: 6/31 MP: 2/7
  1617 | D:3      | Reached XP level 6. HP: 7/36 MP: 2/8
  1873 | D:3      | Noticed Natasha
  1885 | D:3      | Killed Natasha
  2237 | D:3      | Reached skill level 1 in Transmutations
  2429 | D:3      | Noticed Ijyb
  2447 | D:3      | Killed Ijyb
  2691 | D:3      | Learned a level 3 spell: Spider Form
  2765 | D:4      | Reached skill level 1 in Polearms
  3103 | D:4      | Found a runed translucent gate.
  3103 | D:4      | Found a runed translucent gate.
  3103 | D:4      | Found a runed translucent gate.
  3104 | D:4      | Noticed ZoeForever1's ghost (amateur DsRe)
  3184 | D:4      | Learned a level 1 spell: Foxfire
  3352 | D:4      | Reached XP level 7. HP: 34/40 MP: 4/9
  3385 | D:4      | Identified the +1 spear of Contention {heavy, rC+ SInv}
  3423 | D:5      | Entered Level 5 of the Dungeon
  3487 | D:5      | Reached skill level 1 in Necromancy
  3488 | D:5      | Found a burning altar of Makhleb.
  3853 | D:5      | HP: 2/40 [gnoll bouda/+0 whip (5)]
  3861 | D:5      | HP: 1/40 [ogre/+0 giant club (25)]
  3862 | D:5      | Slain by a gnoll

Illustrated notes

Levels and vault maps discovered:
D:1:      roderic_dead_forest, layout_basic
D:2:      layout_basic
D:3:      layout_basic, uniq_natasha, uniq_ijyb, uniq_grinder
D:4:      minmay_bubble_buster, layout_rooms, gammafunk_ghost_necromancy,
          st_stairs_12, kennysheep_generic_room_14
D:5:      layout_rooms, bloody_makhleb

Skill      XL: |  1  2  3  4  5  6  7 |
---------------+----------------------+-----
Axes           | 3 |  3.3
Fighting       | 2 |  2.7
Maces & Flails | 2 |  2.2
Armour         | 3 |  3.9
Poison Magic   | 2 3 |  3.1
Transmutations | 1 |  1.3
Polearms       | 1 |  1.2
Spellcasting   | 2 |  2.4
Necromancy     | 1 |  1.3
Throwing       | |  1.2
Dodging        | |  1.5
Conjurations   | |  0.3
Fire Magic     | |  0.7

Action                     |  1- 3 |  4- 6 |  7- 9 || total
---------------------------+-------+-------+-------++-------
  Melee: Hand axe          |    13 |       |       ||    13
         Whip              |    83 |    42 |       ||   125
         Trident           |       |   125 |     2 ||   127
         Club              |       |     5 |       ||     5
         Punch             |       |     4 |     1 ||     5
         Spear             |       |       |    46 ||    46
         Unarmed           |       |       |     4 ||     4
   Cast: Sting             |     6 |    13 |     4 ||    23
         Spider Form       |       |       |     1 ||     1
    Use: Scroll            |     2 |     5 |       ||     7
         Potion            |       |     5 |     1 ||     6
 Armour: Scale mail        |    42 |    84 |       ||   126
         Robe              |       |    14 |     1 ||    15
         Leather armour    |       |       |    39 ||    39
  Dodge: Dodged            |    43 |    93 |    81 ||   217

Table legend: (Time is in decaauts)
 A = Elapsed time spent in this place.
 B = Non-inter-level travel time spent in this place.
 C = Inter-level travel time spent in this place.
 D = Time resting spent in this place.
 E = Time spent auto-exploring this place.
 F = Levels seen in this place.
 G = Mean time per level.
                   A        B        C        D        E       F      G
               +--------+--------+--------+--------+--------+-----+--------+
         Total |   3891 |   3613 |    278 |    978 |      0 |   5 |  778.2 |
       Dungeon |   3891 |   3613 |    278 |    978 |      0 |   5 |  778.2 |
               +--------+--------+--------+--------+--------+-----+--------+

Top non-repeatable levels by time:
     D:3: 1150 daAuts
     D:1: 995 daAuts
     D:4: 689 daAuts
     D:2: 596 daAuts
     D:5: 460 daAuts
